 Dungeon Crawl Stone Soup version 0.32-a0-411-g744942f433 (webtiles) character file.

Game seed: 10206075057538439052

153 CougarLife the Digger (level 5, -3/28 HPs)
             Began as a Gargoyle Earth Elementalist on Feb 20, 2024.
             Was an Initiate of Gozag.
             Shot with an arrow by a centaur (6 damage)
             ... on level 3 of the Dungeon.
             The game lasted 00:02:55 (2154 turns).

CougarLife the Digger (Gargoyle Earth Elementalist) Turns: 2154, Time: 00:02:56

Health: -3/28      AC:  6    Str: 11    XL:     5   Next: 35%
Magic:  9/9        EV: 11    Int: 18    God:    Gozag
Gold:   277        SH:  0    Dex: 10    Spells: 9/10 levels left

rFire   . . .        g - +0 dagger
rCold   . . .        (no shield)
rNeg    + . .        a - +0 robe
rPois   ∞            (no helmet)
rElec   +            (no cloak)
rCorr   .            (no gloves)
SInv    .            (no boots)
Will    .....        (no amulet)
Stlth   ++           (no ring)
HPRegen 0.24/turn    (no ring)
MPRegen 0.11/turn

%: no passive effects
@: no status effects
A: sickness immunity, AC +4, negative energy resistance 1, electricity
resistance, torment resistance 1, petrification resistance
a: Renounce Religion, Potion Petition, Call Merchant, Bribe Branch


You were on level 3 of the Dungeon.
You worshipped Gozag.
Gozag was aware of your devotion.
You visited 1 branch of the dungeon, and saw 3 of its levels.

You collected 301 gold pieces.
You paid 24 gold pieces to Gozag.

Inventory:

Hand Weapons
 g - a +0 dagger (weapon)
Armour
 a - a +0 robe (worn)
Scrolls
 e - 2 scrolls of enchant armour {unknown}
 f - 3 scrolls of teleportation {unknown}
 k - 2 scrolls of revelation {unknown}
 m - a scroll of noise {unknown}
 n - a scroll of fog {unknown}
 o - a scroll of enchant weapon {unknown}
 p - a scroll of amnesia {unknown}
 q - a scroll of identify {unknown}
Potions
 b - 3 potions of magic
 c - a potion of might {unknown}
 d - a potion of berserk rage {unknown}
 h - a potion of curing {unknown}
 i - a potion of attraction {unknown}
 j - a potion of invisibility {unknown}
 l - a potion of enlightenment {unknown}


   Skills:
 - Level 1.5 Dodging
 - Level 2.1 Stealth
 + Level 3.2 Spellcasting
 + Level 3.2 Conjurations
 + Level 5.0 Earth Magic


You had 9 spell levels left.
You knew the following spells:

 Your Spells              Type           Power      Damage    Failure   Level
a - Sandblast             Erth           42%        2d11      1%          1

Your spell library contained the following spells:

 Spells                   Type           Power      Damage    Failure   Level
 Magic Dart               Conj           56%        1d5       4%          1
 Searing Ray              Conj           28%        2d5       6%          2
 Passwall                 Erth           21%        N/A       6%          3
 Stone Arrow              Conj/Erth      34%        3d9       9%          3
 Brom's Barrelling Bould  Conj/Erth      17%        2d4       28%         4
 Ozocubu's Armour         Ice            2%         N/A       43%         3
 Petrify                  Alch/Erth      12%        N/A       50%         4
 Fulminant Prism          Conj/Alch      4%         3d5       63%         4
 Metabolic Englaciation   Hex/Ice        1%         N/A       99%         5
 Sculpt Simulacrum        Ice/Alch       1%         N/A       100%        6


Dungeon Overview and Level Annotations

Branches:
Dungeon (3/15)

Altars:
Gozag

Shops:
D:1 :*[?


Innate Abilities, Weirdness & Mutations

You are immune to sickness and miasma.
Your stone body is resilient. (AC +4)
You are immune to poison.
You resist negative energy. (rN+)
You are resistant to electric shocks. (rElec)
You are resistant to unholy torment.
You are immune to petrification.


Message History

Confirm with . or Enter, or press ? or * to list all spells.
You can't see any susceptible monsters within range! (Use Z to cast anyway.)
Casting: Sandblast (safe; 1% risk of failure)
Confirm with . or Enter, or press ? or * to list all spells.
Aiming: Sandblast (safe; 1% risk of failure)
Press: ? - help, Shift-Dir - straight line, f - gnoll
Aim: a gnoll, wielding a +0 spear (85% to hit)
The blast of sand hits the gnoll!
The gnoll is heavily wounded.
The gnoll closely misses you.
Casting: Sandblast (safe; 1% risk of failure)
Confirm with . or Enter, or press ? or * to list all spells.
Aiming: Sandblast (safe; 1% risk of failure)
Press: ? - help, Shift-Dir - straight line, f/p - gnoll
Aim: a gnoll, wielding a +0 spear (heavily wounded, 85% to hit)
The blast of sand hits the gnoll!
You kill the gnoll!
Magic restored.
You now have 243 gold pieces (gained 5).
You see here a +0 spear.
You now have 252 gold pieces (gained 9).
You see here a +0 flail.
You now have 262 gold pieces (gained 10).
You see here a +0 halberd.
You now have 277 gold pieces (gained 15).
You see here a +0 spear.
You open the door.
There is an open door here.
A centaur comes into view.
A centaur is nearby!
The centaur shouts!
The centaur wields a +0 shortbow.
The centaur shoots an arrow.
The arrow hits you!
Ouch! That really hurt!
You are too injured to fight recklessly!
The centaur shoots an arrow.
The arrow hits you!
* * * LOW HITPOINT WARNING * * *
The centaur shoots an arrow.
The arrow hits you.
You die...
Your body crumbles into a pile of gold.

#.###..... #.# ##...#
#.# ##### #.# #.# #
#.### # ##.# #.#.######
##....#########..(......
..c....@................
##...##########....####.
... #.....# #. . #.###.#
#. #.###<###. #.........
#####.#### #)# #.####


You could see a centaur.

Vanquished Creatures
  4 gnolls (D:3)
  A dart slug (D:1)
  An orc (D:3)
  4 bats (D:1)
  5 endoplasms
  3 giant cockroaches
  5 goblins
  4 hobgoblins
  10 jackals
  6 kobolds
  A quokka (D:2)
  10 ball pythons
  4 frilled lizards
  4 rats
62 creatures vanquished.

Notes
Turn   | Place    | Note
-------+----------+-------------------------------------------
     0 | D:1      | CougarLife the Gargoyle Earth Elementalist began the quest
                  | for the Orb.
     0 | D:1      | Reached XP level 1. HP: 10/10 MP: 3/3
   126 | D:1      | Reached XP level 2. HP: 15/15 MP: 3/5
   192 | D:1      | Found Numuisav's General Store.
   224 | D:1      | Reached skill level 4 in Earth Magic
   554 | D:1      | Reached XP level 3. HP: 19/19 MP: 3/6
   680 | D:1      | Found Cirphoz's Antique Armour Shoppe.
   900 | D:1      | Found Soban's Magic Scroll Shoppe.
  1021 | D:1      | Found Dolesor's Book Shop.
  1027 | D:1      | Reached XP level 4. HP: 23/24 MP: 5/8
  1085 | D:2      | Found an opulent altar of Gozag.
  1185 | D:2      | Became a worshipper of Gozag Ym Sagoz the Greedy
  1955 | D:3      | Reached XP level 5. HP: 28/28 MP: 7/9
  1963 | D:3      | Reached skill level 5 in Earth Magic
  2152 | D:3      | Noticed a centaur
  2154 | D:3      | Shot with an arrow by a centaur

Illustrated notes

Levels and vault maps discovered:
D:1:      ebering_trefoil_twist, layout_loops_cross, serial_shops, shop,
          nicolae_shop_rolled_up, shop, nicolae_shop_trees
D:2:      layout_rooms, basic_altar, minmay_split_cup_large
D:3:      layout_loops_corners, kennysheep_generic_room_15

Skill      XL: |  1  2  3  4  5 |
---------------+----------------+-----
Earth Magic    | 4 5 |  5.0
Conjurations   | 2 3 |  3.2
Spellcasting   | 3 |  3.2
Dodging        | |  1.5
Stealth        | |  2.1

Action                     |  1- 3 |  4- 6 || total
---------------------------+-------+-------++-------
  Melee: Unarmed           |     2 |       ||     2
         Dagger            |     6 |     9 ||    15
   Cast: Sandblast         |    38 |    41 ||    79
 Armour: Robe              |    19 |    21 ||    40
  Dodge: Dodged            |    12 |    14 ||    26

Table legend: (Time is in decaauts)
 A = Elapsed time spent in this place.
 B = Non-inter-level travel time spent in this place.
 C = Inter-level travel time spent in this place.
 D = Time resting spent in this place.
 E = Time spent auto-exploring this place.
 F = Levels seen in this place.
 G = Mean time per level.
                   A        B        C        D        E       F      G
               +--------+--------+--------+--------+--------+-----+--------+
         Total |   2193 |   2150 |     43 |     95 |   1714 |   3 |  731.0 |
       Dungeon |   2193 |   2150 |     43 |     95 |   1714 |   3 |  731.0 |
               +--------+--------+--------+--------+--------+-----+--------+

Top non-repeatable levels by time:
     D:1: 1098 daAuts
     D:2: 594 daAuts
     D:3: 500 daAuts
